Map: Lost and Found LE

Players

Neeb - Winner!

  • Race: Protoss Protoss
  • Spawn Location: 7:00

Nice

  • Race: Protoss Protoss
  • Spawn Location: 1:00

Event: WCS Austin 2018

VOD

Have the link to the VOD?

Description

Time

  • Played on: June 1, 2018, 9:56 p.m.
  • Length: 7:19

All games in this series

Show
View Real Time Build Order
Export as new Build Order

Neeb Protoss - Winner!

Build Orders:  

Get SALT Encoding   

  12  0:00  Probe  
  13  0:12  Probe  
  14  0:19  Pylon  
  14  0:24  Probe  
  15  0:33  Probe  
  15  0:37  Gateway  
  15  0:41  Probe  
  16  0:46  Assimilator  
  17  0:51  Probe  
  17  0:55  Assimilator  
  18  1:00  Probe  
  19  1:07  Gateway  
  19  1:08  Probe  
  19  1:18  Probe  
  20  1:24  Cybernetics Core  
  21  1:30  Probe  
  22  1:35  Pylon  
  22  1:42  Probe  
  23  1:54  Probe  
  24  2:01  Stalker x2, Warp Gate  
  24  2:06  Probe  
  29  2:14  Pylon  
  29  2:31  Adept  
  29  2:32  Adept  
  33  2:50  Nexus  
  34  2:58  Probe  
  34  2:59  Sentry x2  
  38  3:07  Pylon  
  38  3:10  Probe  
  39  3:25  Probe  
  39  3:26  Robotics Facility  
  40  3:35  Shield Battery  
  40  3:37  Probe  
  41  3:49  Probe  
  41  3:51  Shield Battery  
  42  4:01  Probe  
  42  4:02  Immortal  
  41  4:06  Probe  
  40  4:13  Probe  
  40  4:16  Sentry x2  
  49  4:18  Probe  
  48  4:25  Shield Battery  
  48  4:26  Probe  
  48  4:30  Probe  
  50  4:34  Observer  
  50  4:36  Forge  
  50  4:38  Probe  
  51  4:39  Adept  
  51  4:42  Probe  
  55  4:48  Assimilator  
  55  4:49  Assimilator  
  55  4:50  Probe  
  56  4:53  Pylon  
  56  4:54  Probe  
  56  4:58  Immortal, Protoss Ground Weapons Level 1  
  61  5:02  Probe  
  61  5:06  Pylon  
  62  5:13  Photon Cannon  
  63  5:19  Gateway  
  63  5:23  Gateway  
  63  5:27  Gateway  
  63  5:28  Immortal  
  62  5:29  Probe  
  67  5:44  Twilight Council  
  65  5:51  Shield Battery  
  65  5:53  Shield Battery  
  63  5:58  Gateway  
  63  6:02  Zealot x2  
  67  6:05  Immortal  
  71  6:23  Zealot  
  71  6:25  Templar Archives  
  73  6:27  Zealot, Pylon  
  73  6:31  Probe x2  
  77  6:41  Pylon x2  
  77  6:42  Pylon  
  77  6:57  Stalker  
  77  6:58  Stalker  
  77  6:59  Stalker x2  
  81  7:15  Stalker x2  
Show
View Real Time Build Order
Export as new Build Order

Nice Protoss 

Build Orders: Zealot Archon, Dark Templar Rush 

Get SALT Encoding   

  12  0:00  Probe  
  13  0:12  Probe  
  14  0:17  Pylon  
  14  0:23  Probe  
  15  0:32  Probe  
  15  0:38  Gateway  
  15  0:40  Probe  
  16  0:46  Assimilator  
  17  0:51  Probe  
  17  0:54  Assimilator  
  18  0:59  Probe  
  19  1:07  Probe  
  19  1:08  Gateway  
  19  1:17  Probe  
  20  1:25  Cybernetics Core  
  21  1:29  Probe  
  22  1:35  Pylon  
  22  1:41  Probe  
  22  1:42  Warp Gate  
  23  1:53  Probe  
  24  2:01  Stalker  
  24  2:02  Stalker  
  28  2:10  Pylon  
  28  2:14  Probe  
  28  2:24  Pylon  
  28  2:32  Adept x2  
  32  2:37  Twilight Council  
  32  2:50  Probe  
  33  3:09  Nexus  
  33  3:15  Dark Shrine  
  33  3:26  Shield Battery  
  33  3:34  Pylon  
  33  3:44  Pylon  
  33  3:47  Stalker x2  
  35  4:02  Resonating Glaives, Probe  
  36  4:03  Pylon  
  35  4:14  Probe  
  36  4:19  Probe  
  37  4:26  Probe  
  37  4:27  Probe  
  39  4:33  Pylon  
  39  4:37  Probe  
  39  4:38  Probe  
  39  4:44  Robotics Facility  
  41  4:49  Probe  
  41  4:50  Probe  
  43  4:56  Gateway  
  43  4:57  Gateway  
  43  5:01  Probe  
  43  5:03  Probe  
  43  5:06  Gateway  
  45  5:15  Gateway  
  45  5:20  Gateway  
  45  5:23  Dark Templar  
  45  5:27  Probe  
  48  5:28  Warp Prism  
  48  5:30  Dark Templar  
  50  5:37  Archon  
  52  5:46  Pylon  
  51  5:54  Pylon  
  51  5:56  Pylon  
  51  5:58  Adept x2, Observer  
  51  6:00  Adept x2  
  59  6:09  Pylon  
  59  6:10  Adept  
  62  6:18  Dark Templar  
  64  6:19  Dark Templar  
  64  6:24  Pylon  
  66  6:33  Archon  
  66  6:56  Adept x3  
  66  6:57  Adept x4  
Tags
 
Add a new tag
Caveats
  • Supply blocks, unpowered buildings, or Contaminate may cause inaccurate times.
  • Supply counts are checked every 10 seconds.